| TOP OF THE 1ST |
|
Bluefield Blue Jays batting - Pitching for Great Falls Voyagers : LHP Jose Herrera
|
|
Pitching: LHP Jose Herrera
|
|
|
Batting: RHB Dustin Bargman
|
0-0: Hit by Pitch
|
|
Batting: RHB Akira Kubo
|
0-0: Ball 1-0: Foul Ball, location: 2F 1-1: Called Strike 1-2: Ball 2-2: Strikes out swinging
|
|
Batting: RHB Mark Noftall
|
0-0: Called Strike 0-1: Called Strike 0-2: Ball Dustin Bargman is caught stealing 2nd base 2-4 1-2: Ground out 1-3 (Groundball, P, EV 68.8 MPH)
|
| Top of the 1st over - 0 runs, 0 hits, 0 errors, 0 left on base; Bluefield 0 - Great Falls 0 |
| BOTTOM OF THE 1ST |
|
Great Falls Voyagers batting - Pitching for Bluefield Blue Jays : RHP Shalom Diender
|
|
Pitching: RHP Shalom Diender
|
|
|
Batting: RHB Andy Cotton
|
0-0: SOLO HOME RUN (Flyball, 8LXD, EV 115.6 MPH), Distance : 446 ft
|
|
Batting: RHB Russ Cornett
|
0-0: Ball 1-0: Ground out 5-3 (Groundball, 56S, EV 78.8 MPH)
|
|
Batting: SHB Rob Haney
|
0-0: Called Strike 0-1: Foul Ball, location: 2F 0-2: Ball 1-2: Ball 2-2: Ball 3-2: Foul Ball, location: 2F 3-2: Base on Balls
|
|
Batting: RHB Billy Grubbs
|
0-0: Ball Rob Haney is caught stealing 2nd base 2-4 1-0: Called Strike 1-1: Foul Ball, location: 2F 1-2: Ball 2-2: Strikes out swinging
|
| Bottom of the 1st over - 1 run, 1 hit, 0 errors, 0 left on base; Bluefield 0 - Great Falls 1 |
| TOP OF THE 2ND |
|
Bluefield Blue Jays batting - Pitching for Great Falls Voyagers : LHP Jose Herrera
|
|
Batting: RHB John Rios
|
0-0: SINGLE (Groundball, 34D, EV 107.5 MPH)
|
|
Batting: RHB Mike Johnson
|
0-0: Fielders Choice at 2nd, 6-4 (Groundball, 6, EV 81.2 MPH)
|
|
Batting: LHB Ron de Vos
|
0-0: Called Strike 0-1: SINGLE (Line Drive, 34D, EV 97.5 MPH) Mike Johnson to second
|
|
Batting: RHB Jorge Cruz
|
0-0: Fly out, F8 (Line Drive, 8LD, EV 95.6 MPH)
|
|
Batting: LHB Nate Greening
|
0-0: Ball 1-0: Ball 2-0: Ball 3-0: Swinging Strike 3-1: Foul Ball, location: 2F 3-2: Foul Ball, location: 2F 3-2: Strikes out looking
|
| Top of the 2nd over - 0 runs, 2 hits, 0 errors, 2 left on base; Bluefield 0 - Great Falls 1 |
| BOTTOM OF THE 2ND |
|
Great Falls Voyagers batting - Pitching for Bluefield Blue Jays : RHP Shalom Diender
|
|
Batting: RHB Mitch Cuadros
|
0-0: Swinging Strike 0-1: Foul Ball, location: 2F 0-2: Ground out U3 (Groundball, 34S, EV 86.9 MPH)
|
|
Batting: RHB Francisco Marin
|
0-0: SINGLE (Line Drive, 34D, EV 94.4 MPH)
|
|
Batting: RHB Enrique Gomez
|
0-0: Ball Francisco Marin steals 2nd base 1-0: Ball 2-0: 2-RUN HOME RUN (Line Drive, 7LD, EV 95.0 MPH), Distance : 363 ft
|
|
Batting: LHB Jose Pereyra
|
0-0: Called Strike 0-1: Ball 1-1: Hit by Pitch
|
|
Batting: RHB David Cortez
|
0-0: Called Strike 0-1: 2-RUN HOME RUN (Flyball, 7D, EV 98.1 MPH), Distance : 378 ft
|
|
Batting: RHB Andy Cotton
|
0-0: Ball 1-0: Ball 2-0: Ball 3-0: Called Strike 3-1: Base on Balls
|
|
Batting: RHB Russ Cornett
|
0-0: Called Strike 0-1: Swinging Strike 0-2: Reached on error, E5 (Groundball, 5, EV 91.9 MPH) Andy Cotton to second
|
|
Pitching: RHP Jordan Wyatt
|
|
|
Batting: SHB Rob Haney
|
0-0: Fly out, F9 (Flyball, 9LM, EV 106.9 MPH) Runner from 2nd tags up, SAFE at 3rd, no throw by RF
|
|
Batting: RHB Billy Grubbs
|
0-0: Foul Ball, location: 2F 0-1: Ball 1-1: Ball 2-1: Fly out, F9 (Flyball, 89S, EV 83.8 MPH)
|
| Bottom of the 2nd over - 4 runs, 3 hits, 1 error, 2 left on base; Bluefield 0 - Great Falls 5 |
| TOP OF THE 3RD |
|
Bluefield Blue Jays batting - Pitching for Great Falls Voyagers : LHP Jose Herrera
|
|
Batting: RHB Benedikt Fleischmann
|
0-0: Ball 1-0: Fly out, F7 (Line Drive, 7LM, EV 96.9 MPH)
|
|
Batting: RHB Dustin Bargman
|
0-0: Ball 1-0: Fly out, F1 (Line Drive, P, EV 72.5 MPH)
|
|
Batting: RHB Akira Kubo
|
0-0: Foul Ball, location: 2F 0-1: Ball 1-1: Called Strike 1-2: Ball 2-2: Fly out, F7 (Flyball, 78S, EV 90.0 MPH)
|
| Top of the 3rd over - 0 runs, 0 hits, 0 errors, 0 left on base; Bluefield 0 - Great Falls 5 |
| BOTTOM OF THE 3RD |
|
Great Falls Voyagers batting - Pitching for Bluefield Blue Jays : RHP Jordan Wyatt
|
|
Batting: RHB Mitch Cuadros
|
0-0: Ball 1-0: Ball 2-0: Ball 3-0: Called Strike 3-1: Foul Ball, location: 2F 3-2: Base on Balls
|
|
Batting: RHB Francisco Marin
|
0-0: Ball 1-0: Ball 2-0: Ball 3-0: Foul Ball, location: 2F 3-1: Foul Ball, location: 2F 3-2: Foul Ball, location: 2F 3-2: Base on Balls Mitch Cuadros to second
|
|
Batting: RHB Enrique Gomez
|
0-0: Ball 1-0: Ball 2-0: Called Strike 2-1: Fielders Choice at 2nd, 4-6 (Groundball, 4, EV 104.4 MPH) Mitch Cuadros to third
|
|
Batting: LHB Jose Pereyra
|
0-0: Swinging Strike 0-1: Fly out, F7 (Flyball, 7, EV 82.5 MPH) Runner from 3rd tags up, SCORES, throw by LF
|
|
Batting: RHB David Cortez
|
0-0: Fly out, F8 (Flyball, 8LD, EV 83.1 MPH)
|
| Bottom of the 3rd over - 1 run, 0 hits, 0 errors, 1 left on base; Bluefield 0 - Great Falls 6 |
| TOP OF THE 4TH |
|
Bluefield Blue Jays batting - Pitching for Great Falls Voyagers : LHP Jose Herrera
|
|
Batting: RHB Mark Noftall
|
0-0: Ground out 6-3 (Groundball, 6, EV 107.5 MPH)
|
|
Batting: RHB John Rios
|
0-0: Ball 1-0: Called Strike 1-1: Ball 2-1: Fly out, F9 (Flyball, 89S, EV 91.2 MPH)
|
|
Batting: RHB Mike Johnson
|
0-0: SINGLE (Groundball, 4MS, EV 70.6 MPH) (infield hit)
|
|
Batting: LHB Ron de Vos
|
0-0: Ball 1-0: Called Strike 1-1: Ball Mike Johnson is caught stealing 2nd base 2-6
|
| Top of the 4th over - 0 runs, 1 hit, 0 errors, 0 left on base; Bluefield 0 - Great Falls 6 |
| BOTTOM OF THE 4TH |
|
Great Falls Voyagers batting - Pitching for Bluefield Blue Jays : RHP Jordan Wyatt
|
|
Batting: RHB Andy Cotton
|
0-0: Called Strike 0-1: Ball 1-1: Ball 2-1: Ball 3-1: Base on Balls
|
|
Batting: RHB Russ Cornett
|
0-0: Fly out, F3 (Popup, 34, EV 78.8 MPH)
|
|
Batting: SHB Rob Haney
|
0-0: Called Strike 0-1: Called Strike 0-2: SINGLE (Groundball, 4MD, EV 107.5 MPH) Andy Cotton to second
|
|
Batting: RHB Billy Grubbs
|
0-0: Ball 1-0: Ball 2-0: Called Strike 2-1: Called Strike 2-2: Ball 3-2: Foul Ball, location: 2F 3-2: Foul Ball, location: 2F 3-2: Foul Ball, location: 2F 3-2: Foul Ball, location: 2F 3-2: Fly out, F8 (Flyball, 8RM, EV 89.4 MPH)
|
|
Batting: RHB Mitch Cuadros
|
0-0: Called Strike 0-1: Ball 1-1: Fielders Choice at 2nd, 5-4 (Groundball, 56, EV 84.4 MPH)
|
| Bottom of the 4th over - 0 runs, 1 hit, 0 errors, 2 left on base; Bluefield 0 - Great Falls 6 |
| TOP OF THE 5TH |
|
Bluefield Blue Jays batting - Pitching for Great Falls Voyagers : LHP Jose Herrera
|
|
Batting: LHB Ron de Vos
|
0-0: Called Strike 0-1: Hit by Pitch
|
|
Batting: RHB Jorge Cruz
|
0-0: Ball Ron de Vos is caught stealing 2nd base 2-4 1-0: Ball 2-0: Called Strike 2-1: Called Strike 2-2: Ball 3-2: Strikes out swinging
|
|
Batting: LHB Nate Greening
|
0-0: Ball 1-0: Foul Ball, location: 2F 1-1: Swinging Strike 1-2: Strikes out looking
|
| Top of the 5th over - 0 runs, 0 hits, 0 errors, 0 left on base; Bluefield 0 - Great Falls 6 |
| BOTTOM OF THE 5TH |
|
Great Falls Voyagers batting - Pitching for Bluefield Blue Jays : RHP Jordan Wyatt
|
|
Batting: RHB Francisco Marin
|
0-0: Called Strike 0-1: Foul Ball, location: 2F 0-2: Foul Ball, location: 2F 0-2: Fly out, F8 (Flyball, 8LM, EV 91.2 MPH)
|
|
Batting: RHB Enrique Gomez
|
0-0: Ball 1-0: Called Strike 1-1: Ball 2-1: Ball 3-1: Base on Balls
|
|
Batting: LHB Jose Pereyra
|
0-0: Called Strike 0-1: Foul Ball, location: 2F 0-2: Ball Wild Pitch! Enrique Gomez to second 1-2: Foul Ball, location: 2F 1-2: SINGLE (Groundball, 4MD, EV 104.4 MPH) Enrique Gomez to third
|
|
Pitching: RHP Eric Bessire
|
|
|
Batting: RHB David Cortez
|
0-0: Swinging Strike 0-1: Ball 1-1: Ball 2-1: Foul Ball, location: 2F 2-2: Ball Wild Pitch! Enrique Gomez scores Jose Pereyra to second 3-2: Foul Ball, location: 2F 3-2: Strikes out swinging
|
|
Batting: RHB Andy Cotton
|
0-0: Foul Ball, location: 2F 0-1: Ball 1-1: Foul Ball, location: 2F 1-2: Ball 2-2: Foul Ball, location: 2F 2-2: Fly out, F9 (Flyball, 89M, EV 88.8 MPH)
|
| Bottom of the 5th over - 1 run, 1 hit, 0 errors, 1 left on base; Bluefield 0 - Great Falls 7 |
| TOP OF THE 6TH |
|
Bluefield Blue Jays batting - Pitching for Great Falls Voyagers : LHP Jose Herrera
|
|
Batting: RHB Benedikt Fleischmann
|
0-0: Called Strike 0-1: SOLO HOME RUN (Flyball, 78XD, EV 103.8 MPH), Distance : 416 ft
|
|
Batting: RHB Dustin Bargman
|
0-0: Ball 1-0: Ball 2-0: Called Strike 2-1: Ground out 5-3 (Groundball, 5, EV 78.1 MPH)
|
|
Batting: RHB Akira Kubo
|
0-0: Swinging Strike 0-1: Ball 1-1: Hit by Pitch
|
|
Batting: RHB Mark Noftall
|
0-0: Grounds into double play, 5-4-3 (Groundball, 56, EV 82.5 MPH)
|
| Top of the 6th over - 1 run, 1 hit, 0 errors, 0 left on base; Bluefield 1 - Great Falls 7 |
| BOTTOM OF THE 6TH |
|
Great Falls Voyagers batting - Pitching for Bluefield Blue Jays : RHP Eric Bessire
|
|
Batting: RHB Russ Cornett
|
0-0: Called Strike 0-1: SINGLE (Line Drive, 8RS, EV 110.6 MPH)
|
|
Batting: SHB Rob Haney
|
0-0: Fly out, F7 (Line Drive, 7LM, EV 101.2 MPH)
|
|
Batting: RHB Billy Grubbs
|
0-0: Called Strike 0-1: Ball 1-1: Swinging Strike 1-2: Ball 2-2: Ball 3-2: Strikes out swinging
|
|
Batting: RHB Mitch Cuadros
|
0-0: Ball 1-0: Swinging Strike 1-1: Ball 2-1: Foul Ball, location: 2F 2-2: Strikes out swinging
|
| Bottom of the 6th over - 0 runs, 1 hit, 0 errors, 1 left on base; Bluefield 1 - Great Falls 7 |
| TOP OF THE 7TH |
|
Bluefield Blue Jays batting - Pitching for Great Falls Voyagers : LHP Jose Herrera
|
|
Batting: RHB John Rios
|
0-0: Ball 1-0: Ball 2-0: Foul Ball, location: 2F 2-1: Called Strike 2-2: Foul Ball, location: 2F 2-2: Ball 3-2: Foul Ball, location: 2F 3-2: SINGLE (Line Drive, 6MD, EV 94.4 MPH)
|
|
Batting: RHB Mike Johnson
|
0-0: Ball 1-0: Ball 2-0: Fielders Choice at 2nd, 5-4 (Groundball, 56, EV 83.8 MPH)
|
|
Pinch Hitting: RHB Mike Chamberlain
|
0-0: Called Strike 0-1: Ball 1-1: Called Strike 1-2: Strikes out swinging
|
|
Batting: RHB Jorge Cruz
|
0-0: Ball Mike Johnson steals 2nd base 1-0: Ball 2-0: Called Strike 2-1: Called Strike 2-2: Ground out 4-3 (Groundball, 4M, EV 83.8 MPH)
|
| Top of the 7th over - 0 runs, 1 hit, 0 errors, 1 left on base; Bluefield 1 - Great Falls 7 |
| BOTTOM OF THE 7TH |
|
Great Falls Voyagers batting - Pitching for Bluefield Blue Jays : RHP Eric Bessire
|
|
Now in CF: Mike Chamberlain
|
|
|
Batting: RHB Francisco Marin
|
0-0: Foul Ball, location: 2F 0-1: Called Strike 0-2: Ball 1-2: Foul Ball, location: 2F 1-2: Strikes out swinging
|
|
Batting: RHB Enrique Gomez
|
0-0: Ground out 6-3 (Groundball, 6, EV 98.1 MPH)
|
|
Batting: LHB Jose Pereyra
|
0-0: Foul Ball, location: 2F 0-1: Foul Ball, location: 2F 0-2: SINGLE (Groundball, 34D, EV 96.9 MPH)
|
|
Batting: RHB David Cortez
|
0-0: Ball 1-0: Called Strike 1-1: Ball 2-1: Foul Ball, location: 2F 2-2: Strikes out swinging
|
| Bottom of the 7th over - 0 runs, 1 hit, 0 errors, 1 left on base; Bluefield 1 - Great Falls 7 |
| TOP OF THE 8TH |
|
Bluefield Blue Jays batting - Pitching for Great Falls Voyagers : LHP Jose Herrera
|
|
Pinch Hitting: RHB Terry Plumley
|
0-0: DOUBLE (Line Drive, 3D, EV 96.9 MPH)
|
|
Pinch Hitting: SHB Kevin Watson
|
0-0: Called Strike 0-1: Foul Ball, location: 2F 0-2: Ball 1-2: Ball 2-2: DOUBLE (Line Drive, 78D, EV 106.9 MPH) Terry Plumley scores
|
|
Batting: RHB Dustin Bargman
|
0-0: Swinging Strike 0-1: Foul Ball, location: 2F 0-2: Ground out 4-3 (Groundball, 4MD, EV 104.4 MPH) Kevin Watson to third
|
|
Batting: RHB Akira Kubo
|
0-0: Foul Ball, location: 2F 0-1: Swinging Strike 0-2: Ball 1-2: Ball 2-2: Ball 3-2: Base on Balls
|
|
Pitching: RHP Xavier Mosley
|
|
|
Batting: RHB Mark Noftall
|
0-0: Ball 1-0: Ball 2-0: Ball 3-0: Called Strike 3-1: Foul Ball, location: 2F 3-2: DOUBLE (Line Drive, 7LS, EV 90.0 MPH) Kevin Watson scores Akira Kubo to third
|
|
Pitching: RHP Chris Myers
|
|
|
Batting: RHB John Rios
|
0-0: Called Strike 0-1: Ground out 1-3 (Groundball, 13S, EV 74.4 MPH)
|
|
Pinch Hitting: LHB Lothar Middelkoop
|
0-0: Ball 1-0: Ground out 4-3 (Groundball, 4, EV 85.0 MPH)
|
| Top of the 8th over - 2 runs, 3 hits, 0 errors, 2 left on base; Bluefield 3 - Great Falls 7 |
| BOTTOM OF THE 8TH |
|
Great Falls Voyagers batting - Pitching for Bluefield Blue Jays : RHP Eric Bessire
|
|
Pitching: RHP Tim Donovan
|
|
|
Now at 2B: Dustin Bargman
|
|
|
Now at 3B: Lothar Middelkoop
|
|
|
Now in LF: Kevin Watson
|
|
|
Now in RF: Terry Plumley
|
|
|
Batting: RHB Andy Cotton
|
0-0: Called Strike 0-1: Foul Ball, location: 2F 0-2: SINGLE (Groundball, 6MS, EV 80.0 MPH) (infield hit)
|
|
Batting: RHB Russ Cornett
|
0-0: Called Strike Andy Cotton steals 2nd base 0-1: SINGLE (Groundball, 56D, EV 105.0 MPH) Andy Cotton to third
|
|
Batting: SHB Rob Haney
|
0-0: Called Strike 0-1: Foul Ball, location: 2F 0-2: Hit by Pitch Russ Cornett to second
|
|
Batting: RHB Billy Grubbs
|
0-0: Ball 1-0: Ball 2-0: Foul Ball, location: 2F 2-1: Foul Ball, location: 2F 2-2: Strikes out looking
|
|
Batting: RHB Mitch Cuadros
|
0-0: Ball 1-0: Grounds into fielders choice 1-2 (Groundball, 15S, EV 68.1 MPH) Russ Cornett to third Rob Haney to second
|
|
Batting: RHB Francisco Marin
|
0-0: Called Strike 0-1: Foul Ball, location: 2F 0-2: Ball 1-2: Foul Ball, location: 2F 1-2: Strikes out swinging
|
| Bottom of the 8th over - 0 runs, 2 hits, 0 errors, 3 left on base; Bluefield 3 - Great Falls 7 |
| TOP OF THE 9TH |
|
Bluefield Blue Jays batting - Pitching for Great Falls Voyagers : RHP Chris Myers
|
|
Batting: RHB Mike Chamberlain
|
0-0: Swinging Strike 0-1: Ball 1-1: Swinging Strike 1-2: Ball 2-2: Fly out, F5 (Line Drive, 5, EV 74.4 MPH)
|
|
Batting: RHB Jorge Cruz
|
0-0: Called Strike 0-1: Ball 1-1: Ball 2-1: Swinging Strike 2-2: TRIPLE (Flyball, 89XD, EV 97.5 MPH)
|
|
Batting: RHB Terry Plumley
|
0-0: Ball 1-0: Ball 2-0: Swinging Strike 2-1: Foul Ball, location: 2F 2-2: Foul Ball, location: 2F 2-2: Strikes out swinging
|
|
Batting: SHB Kevin Watson
|
0-0: Ball 1-0: Called Strike 1-1: Ball 2-1: Called Strike 2-2: Strikes out swinging
|
| Top of the 9th over - 0 runs, 1 hit, 0 errors, 1 left on base; Bluefield 3 - Great Falls 7 |
|